 Dungeon Crawl Stone Soup version 0.29.1-1-gd02db6906a (webtiles) character file.

Game seed: 5104178574608894796

149 Tiocfaidh the Trooper (level 5, -4/33 HPs)
             Began as a Tengu Abyssal Knight on Sept 22, 2022.
             Was a Priest of Lugonu.
             Slain by a gnoll
             ... wielding a +0 halberd
             ... led by a gnoll bouda
              (10 damage)
             ... on level 4 of the Dungeon.
             The game lasted 00:14:59 (3070 turns).

Tiocfaidh the Trooper (Tengu Abyssal Knight)        Turns: 3070, Time: 00:15:02

Health: -4/33      AC:  9    Str: 16    XL:     5   Next: 31%
Magic:  7/7        EV:  8    Int: 10    God:    Lugonu [***...]
Gold:   292        SH:  0    Dex: 14    Spells: 4/4 levels left

rFire   x . .      SeeInvis .   r - +3 long sword
rCold   + . .      Faith    +   (no shield)
rNeg    . . .      Spirit   .   q - +0 chain mail
rPois   +          Reflect  .   (helmet restricted)
rElec   .          Harm     .   (no cloak)
rCorr   .          Rampage  .   (no gloves)
Will    .....                   (boots unavailable)
Stlth   ..........              d - amulet of faith
HPRegen 0.11/turn               c - ring of poison resistance
MPRegen 0.10/turn               p - ring of ice

@: about to teleport, weakened, flying quickly and evasively, quick
A: beak, talons 3, nimble flight
a: Renounce Religion, Depart the Abyss, Bend Space, Banish


You were on level 4 of the Dungeon.
You worshipped Lugonu.
Lugonu was most pleased with you.
You visited 1 branch of the dungeon, and saw 4 of its levels.
You visited the Abyss 1 time.

You collected 292 gold pieces.

Inventory:

Hand Weapons
 r - a +3 long sword (weapon)
Missiles
 b - 2 curare-tipped darts
 n - 5 poisoned darts (quivered)
 u - 6 atropa-tipped darts
Armour
 q - a +0 chain mail (worn)
Jewellery
 c - a ring of poison resistance (left hand)
 d - an amulet of faith (around neck)
 p - a ring of ice (right hand)
Scrolls
 h - a scroll of summoning {unknown}
 k - a scroll of vulnerability {unknown}
 l - 2 scrolls of teleportation
 m - 2 scrolls of identify {unknown}
 o - 2 scrolls of poison {unknown}
Potions
 a - 2 potions of mutation {unknown}
 e - a potion of heal wounds {unknown}
 f - a potion of brilliance {unknown}
 g - a potion of degeneration {unknown}
 i - 2 potions of invisibility {unknown}
 j - a potion of flight {unknown}
 s - a potion of lignification {unknown}
 t - 3 potions of curing {unknown}
 v - 2 potions of ambrosia {unknown}
 w - a potion of attraction {unknown}


   Skills:
 + Level 4.0 Fighting
 + Level 3.6 Axes
 + Level 0.3 Throwing
 + Level 3.4 Armour
 + Level 1.5 Dodging
 + Level 0.6 Stealth
 + Level 1.7 Invocations


You had 4 spell levels left.
You didn't know any spells.
Your spell library contained the following spells:

 Spells                   Type           Power      Damage    Failure   Level
 Blink                    Tloc           0%         N/A       100%        2
 Manifold Assault         Tloc           0%         N/A       100%        5
 Storm Form               Tmut/Air       0%         N/A       100%        7


Dungeon Overview and Level Annotations

Branches:
Dungeon (4/15)
 Temple: D:4-7

Altars:

Annotations:
D:4 1 runed translucent door, Braxton's ghost, amateur HOFi; Eustachio


Innate Abilities, Weirdness & Mutations

You have a beak for a mouth.
You have claws for feet.
Your magical nature lets you fly swiftly and evasively.


Message History

You hit the gnoll bouda but do no damage.
Your peck misses the gnoll bouda.
The gnoll bouda is moderately wounded.
The gnoll hits you from afar with a +0 spear.
The gnoll bouda barely misses you.
You barely miss the gnoll bouda.
You claw the gnoll bouda, but do no damage.
The gnoll bouda is moderately wounded.
The gnoll closely misses you.
The gnoll bouda hits you but does no damage.
The gnoll bouda closely misses you.
The gnoll hits you from afar with a +0 spear.
You hit the gnoll bouda.
The gnoll bouda is moderately wounded.
The gnoll closely misses you.
The gnoll bouda gazes fiercely through you!
You feel as though you will be weak longer.
The gnoll bouda barely misses you.
You hit the gnoll bouda. Your kick misses the gnoll bouda.
The gnoll bouda is heavily wounded.
The gnoll closely misses you.
The gnoll bouda hits you but does no damage.
Okay, then.
Okay, then.
You hit the gnoll bouda but do no damage.
Your kick misses the gnoll bouda. Your peck misses the gnoll bouda.
The gnoll bouda is heavily wounded.
The gnoll completely misses you.
The gnoll bouda gazes fiercely through you!
You feel as though you will be weak longer.
The gnoll bouda misses you.
The gnoll bouda hits you with a +0 whip!
The gnoll misses you.
As you read the scroll labelled XIXEED GINLEU, it crumbles to dust.
You feel strangely unstable.
It was a scroll of teleportation.
The gnoll is no longer moving quickly.
The gnoll bouda hits you with a +0 whip!
* * * LOW HITPOINT WARNING * * *
The gnoll hits you from afar with a +0 halberd!
You die...

#########
#.#####.g......
#...@ggg###########
######:.....#.....#
##.#...#.###.#
#.#.#...# #<#
#.#.#...#####
#.#.#.#...g.#
#########
#.........#.#
#.......#
#####......#.#
#.......#
#.....#....#.#


You could see a gnoll bouda and 3 gnolls.

Vanquished Creatures
  An orc priest (D:3)
  Terence (D:2)
  3 adders
  A worm (D:3)
  5 orcs
  8 bats
  4 endoplasms
  2 giant cockroaches
  5 goblins
  A hobgoblin (D:2)
  6 quokkas
  6 ball pythons
  4 frilled lizards
  4 kobolds
  9 rats
60 creatures vanquished.

Vanquished Creatures (others)
  A withered plant (D:4)
1 creature vanquished.

Grand Total: 61 creatures vanquished

Notes
Turn   | Place    | Note
-------+----------+-------------------------------------------
     0 | Abyss:1  | Tiocfaidh the Tengu Abyssal Knight began the quest for the
                  | Orb.
     0 | Abyss:1  | Reached XP level 1. HP: 14/14 MP: 3/3
     3 | D:1      | Escaped the Abyss
   394 | D:1      | Reached XP level 2. HP: 16/19 MP: 4/4
   874 | D:1      | Reached *** piety under Lugonu
   904 | D:1      | Reached XP level 3. HP: 10/23 MP: 5/5
  1141 | D:2      | Noticed Terence
  1210 | D:2      | You fall into a shaft and drop 2 floors!
  1583 | D:3      | Reached XP level 4. HP: 12/29 MP: 6/6
  2311 | D:3      | Reached skill level 4 in Fighting
  2399 | D:2      | Killed Terence
  2400 | D:2      | Gained mutation: Your magical nature lets you fly swiftly
                  | and evasively. [Tengu growth]
  2400 | D:2      | Reached XP level 5. HP: 30/33 MP: 7/7
  2504 | D:2      | Found a faded altar of an unknown god.
  2846 | D:4      | Found a runed translucent door.
  2847 | D:4      | Noticed Braxton's ghost (amateur HOFi)
  2871 | D:4      | Noticed Eustachio
  3070 | D:4      | Slain by a gnoll

Illustrated notes

Levels and vault maps discovered:
D:1:      minmay_arrival_arboretum_small, layout_basic, minivault_24
D:2:      layout_rooms, hellmonk_ecumenical_altar_lost_god, uniq_terence
D:3:      layout_loops_ring
D:4:      layout_basic, lightli_temple_of_fire, gammafunk_ghost_grave,
          uniq_eustachio

Skill      XL: |  1  2  3  4 |
---------------+-------------+-----
Axes           | 3 |  3.6
Armour         | 3 |  3.4
Fighting       | 4 |  4.0
Throwing       | |  0.3
Dodging        | |  1.5
Stealth        | |  0.6
Invocations    | |  1.7

Action                   |  1- 3 |  4- 6 || total
-------------------------+-------+-------++-------
Melee: Hand axe          |    70 |    20 ||    90
       Kick              |    20 |    22 ||    42
       Peck              |    10 |     4 ||    14
       Long sword        |       |    44 ||    44
Throw: Dart              |     7 |     3 ||    10
  Use: Scroll            |       |     1 ||     1
 Stab: Sleeping          |       |     1 ||     1
Armor: Leather armour    |    12 |     7 ||    19
       Chain mail        |       |    41 ||    41
Dodge: Dodged            |    39 |    48 ||    87
